MLB
CHICAGO (A) WHITE SOX @ PITTSBURGH PIRATES
07/21/2041
 
TOP OF THE 1ST
Chicago (A) White Sox batting - Pitching for Pittsburgh Pirates : RHP Sal Gates
Pitching: RHP Sal Gates
Batting: LHB Juan Carlos Jiménez 0-0: Ball
1-0: Ball
2-0: Called Strike
2-1: Ball
3-1: Base on Balls
Batting: RHB Lonnie Anderson 0-0: Ball
1-0: Ball
2-0: Grounds into double play, 6-4-3 (Groundball, 56, EV 109.4 MPH)
Batting: LHB Stan Waters 0-0: Ball
1-0: Ball
2-0: Ball
3-0: Called Strike
3-1: Fly out, F6 (Popup, 6D, EV 43.8 MPH)
Top of the 1st over - 0 runs, 0 hits, 0 errors, 0 left on base; Chicago (A) 0 - Pittsburgh 0
BOTTOM OF THE 1ST
Pittsburgh Pirates batting - Pitching for Chicago (A) White Sox : LHP Ed Baxter
Pitching: LHP Ed Baxter
Batting: RHB Al Sexton 0-0: Ball
1-0: Ball
2-0: Ball
3-0: SINGLE (Line Drive, 89S, EV 107.5 MPH)
Batting: LHB Raúl Gallegos 0-0: Called Strike
Al Sexton is caught stealing 2nd base 2-6
0-1: Called Strike
0-2: Ground out 5-3 (Groundball, 5L, EV 87.5 MPH)
Batting: LHB Juan Padilla 0-0: Ball
1-0: Ball
2-0: Called Strike
2-1: Foul Ball, location: 2F
2-2: Ball
3-2: Fly out, F8 (Flyball, 8LM, EV 88.1 MPH)
Bottom of the 1st over - 0 runs, 1 hit, 0 errors, 0 left on base; Chicago (A) 0 - Pittsburgh 0
TOP OF THE 2ND
Chicago (A) White Sox batting - Pitching for Pittsburgh Pirates : RHP Sal Gates
Batting: RHB Jesús Rodríguez 0-0: Swinging Strike
0-1: Foul Ball, location: 2F
0-2: Ball
1-2: Strikes out looking
Batting: LHB Jon Gates 0-0: Ground out 4-3 (Groundball, 4, EV 95.0 MPH)
Batting: RHB Jon Heath 0-0: Called Strike
0-1: Foul Ball, location: 5SF
0-2: Strikes out swinging
Top of the 2nd over - 0 runs, 0 hits, 0 errors, 0 left on base; Chicago (A) 0 - Pittsburgh 0
BOTTOM OF THE 2ND
Pittsburgh Pirates batting - Pitching for Chicago (A) White Sox : LHP Ed Baxter
Batting: LHB Josh Mason 0-0: Called Strike
0-1: Swinging Strike
0-2: Ball
1-2: SINGLE (Line Drive, 5D, EV 65.0 MPH)
Batting: RHB José Fajardo 0-0: Ball
1-0: Called Strike
1-1: Grounds into double play, 5-4-3 (Groundball, 5, EV 107.5 MPH)
Batting: LHB Jorge Apodaca 0-0: Called Strike
0-1: Ball
1-1: Foul Ball, location: 2F
1-2: Ground out 5-3 (Groundball, 56S, EV 72.5 MPH)
Bottom of the 2nd over - 0 runs, 1 hit, 0 errors, 0 left on base; Chicago (A) 0 - Pittsburgh 0
TOP OF THE 3RD
Chicago (A) White Sox batting - Pitching for Pittsburgh Pirates : RHP Sal Gates
Batting: SHB Juan Medina 0-0: Foul Ball, location: 25F
0-1: Fly out, F9 (Flyball, 9D, EV 104.4 MPH)
Batting: LHB Álex Martínez 0-0: Called Strike
0-1: Ground out 4-3 (Groundball, 34, EV 103.1 MPH)
Batting: RHB Greg Wright 0-0: Ball
1-0: DOUBLE (Line Drive, 9LS, EV 90.6 MPH)
Batting: LHB Juan Carlos Jiménez 0-0: Called Strike
0-1: SINGLE (Groundball, 4MS, EV 60.0 MPH) (infield hit)
Greg Wright to third
Batting: RHB Lonnie Anderson 0-0: Ball
1-0: Called Strike
1-1: Ball
2-1: SINGLE (Groundball, 4MD, EV 106.3 MPH)
Greg Wright scores
Juan Carlos Jiménez to second
Batting: LHB Stan Waters 0-0: Called Strike
0-1: Foul Ball, location: 2F
0-2: Fielders Choice at 2nd, U6 (Groundball, 6M, EV 109.4 MPH)
Top of the 3rd over - 1 run, 3 hits, 0 errors, 2 left on base; Chicago (A) 1 - Pittsburgh 0
BOTTOM OF THE 3RD
Pittsburgh Pirates batting - Pitching for Chicago (A) White Sox : LHP Ed Baxter
Batting: LHB Jeff Dickson 0-0: Ball
1-0: Swinging Strike
1-1: Ball
2-1: Called Strike
2-2: Foul Ball, location: 7LSF
2-2: SINGLE (Groundball, P, EV 79.4 MPH) (infield hit)
Batting: LHB José Velasco 0-0: Sac Bunt to P - play at first, batter OUT! 1-3
Jeff Dickson to second
Batting: RHB Luis Vargas 0-0: SINGLE (Line Drive, 89S, EV 84.4 MPH)
Jeff Dickson to third
Batting: RHB Al Sexton 0-0: Swinging Strike
0-1: Ball
1-1: Ball
2-1: Foul Ball, location: 9LSF
2-2: Grounds into double play, 6-4-3 (Groundball, 6, EV 86.9 MPH)
Bottom of the 3rd over - 0 runs, 2 hits, 0 errors, 1 left on base; Chicago (A) 1 - Pittsburgh 0
TOP OF THE 4TH
Chicago (A) White Sox batting - Pitching for Pittsburgh Pirates : RHP Sal Gates
Batting: RHB Jesús Rodríguez 0-0: Ball
1-0: Ball
2-0: Foul Ball, location: 9LSF
2-1: Ground out 6-3 (Groundball, 6M, EV 86.3 MPH)
Batting: LHB Jon Gates 0-0: Ball
1-0: Ball
2-0: Ball
3-0: Called Strike
3-1: Ground out U3 (Groundball, 3, EV 81.9 MPH)
Batting: RHB Jon Heath 0-0: Ball
1-0: Swinging Strike
1-1: Ball
2-1: Foul Ball, location: 2F
2-2: Ball
3-2: Foul Ball, location: 9LMF
3-2: Ground out 6-3 (Groundball, 6M, EV 105.0 MPH)
Top of the 4th over - 0 runs, 0 hits, 0 errors, 0 left on base; Chicago (A) 1 - Pittsburgh 0
BOTTOM OF THE 4TH
Pittsburgh Pirates batting - Pitching for Chicago (A) White Sox : LHP Ed Baxter
Batting: LHB Raúl Gallegos 0-0: Foul Ball, location: 2F
0-1: Swinging Strike
0-2: Ball
1-2: Ball
2-2: Foul Ball, location: 23F
2-2: Foul Ball, location: 2F
2-2: Foul Ball, location: 5F
2-2: Foul Ball, location: 23FF
2-2: Foul Ball, location: 5DF
2-2: Ball
3-2: Strikes out looking
Batting: LHB Juan Padilla 0-0: SINGLE (Groundball, 4MD, EV 95.6 MPH)
Batting: LHB Josh Mason 0-0: Foul Ball, location: 2F
0-1: Swinging Strike
0-2: Ball
1-2: Ball
2-2: SINGLE (Groundball, 4, EV 107.5 MPH)
Juan Padilla to second
Batting: RHB José Fajardo 0-0: Called Strike
0-1: Ball
1-1: Foul Ball, location: 9LMF
1-2: Grounds into double play, 5-4-3 (Groundball, 56D, EV 102.5 MPH)
Bottom of the 4th over - 0 runs, 2 hits, 0 errors, 1 left on base; Chicago (A) 1 - Pittsburgh 0
TOP OF THE 5TH
Chicago (A) White Sox batting - Pitching for Pittsburgh Pirates : RHP Sal Gates
Batting: SHB Juan Medina 0-0: Swinging Strike
0-1: Foul Ball, location: 3FF
0-2: Foul Ball, location: 5FF
0-2: Ball
1-2: Fly out, F6 (Popup, 4M, EV 57.5 MPH)
Batting: LHB Álex Martínez 0-0: Ball
1-0: Swinging Strike
1-1: Fly out, F8 (Flyball, 8LS, EV 97.5 MPH)
Batting: RHB Greg Wright 0-0: Ball
1-0: Ball
2-0: Called Strike
2-1: Foul Ball, location: 3FF
2-2: Foul Ball, location: 25FF
2-2: Ground out 6-3 (Groundball, P, EV 85.6 MPH)
Top of the 5th over - 0 runs, 0 hits, 0 errors, 0 left on base; Chicago (A) 1 - Pittsburgh 0
BOTTOM OF THE 5TH
Pittsburgh Pirates batting - Pitching for Chicago (A) White Sox : LHP Ed Baxter
Batting: LHB Jorge Apodaca 0-0: Called Strike
0-1: Foul Ball, location: 5F
0-2: Ball
1-2: Ball
2-2: Foul Ball, location: 2F
2-2: Ball
3-2: Ground out 4-3 (Groundball, 4, EV 93.8 MPH)
Batting: LHB Jeff Dickson 0-0: SINGLE (Groundball, 34D, EV 107.5 MPH)
Batting: LHB José Velasco 0-0: Called Strike
0-1: Ball
1-1: Foul Ball, location: 25FF
1-2: Ground out 4-3 (Groundball, 4, EV 70.0 MPH)
Jeff Dickson to second
Batting: RHB Luis Vargas 0-0: Ball
1-0: Called Strike
1-1: Swinging Strike
1-2: Foul Ball, location: 5DF
1-2: Ball
2-2: Fly out, F2 (Popup, 3SF, EV 78.8 MPH)
Bottom of the 5th over - 0 runs, 1 hit, 0 errors, 1 left on base; Chicago (A) 1 - Pittsburgh 0
TOP OF THE 6TH
Chicago (A) White Sox batting - Pitching for Pittsburgh Pirates : RHP Sal Gates
Batting: LHB Juan Carlos Jiménez 0-0: Ground out 5-3 (Groundball, 5, EV 85.0 MPH)
Batting: RHB Lonnie Anderson 0-0: Foul Ball, location: 3F
0-1: Foul Ball, location: 5F
0-2: SINGLE (Groundball, 25, EV 66.9 MPH) (infield hit)
Batting: LHB Stan Waters 0-0: Ball
1-0: Ball
2-0: Ball
3-0: Called Strike
3-1: Base on Balls
Lonnie Anderson to second
Batting: RHB Jesús Rodríguez 0-0: Foul Ball, location: 3SF
0-1: Ball
1-1: Reached on error, E6 (Groundball, 6, EV 90.6 MPH)
Lonnie Anderson to third
Stan Waters to second
Batting: LHB Jon Gates 0-0: Ball
1-0: Called Strike
1-1: Ball
2-1: SINGLE (Line Drive, 9S, EV 89.4 MPH)
Lonnie Anderson scores
Stan Waters to third
Jesús Rodríguez to second
Batting: RHB Jon Heath 0-0: Called Strike
0-1: Ball
1-1: Grounds into double play, 4-2-3 (Groundball, 4, EV 83.8 MPH)
Top of the 6th over - 1 run, 2 hits, 1 error, 2 left on base; Chicago (A) 2 - Pittsburgh 0
BOTTOM OF THE 6TH
Pittsburgh Pirates batting - Pitching for Chicago (A) White Sox : LHP Ed Baxter
Batting: RHB Al Sexton 0-0: Called Strike
0-1: SINGLE (Line Drive, 89S, EV 86.9 MPH)
Batting: LHB Raúl Gallegos 0-0: Ball
1-0: Called Strike
Al Sexton steals 2nd base (no throw)
1-1: Hit by Pitch
Batting: LHB Juan Padilla 0-0: Called Strike
0-1: Ball
1-1: Fly out, F8 (Flyball, 8LS, EV 85.6 MPH)
Pinch Hitting: RHB José Medina 0-0: Ball
1-0: Fly out, F8 (Flyball, 8LD, EV 105.0 MPH)
Throwing error, E8
Al Sexton scores
Raúl Gallegos to second
Batting: RHB José Fajardo 0-0: Ground out U3 (Groundball, 34, EV 105.6 MPH)
Bottom of the 6th over - 1 run, 1 hit, 1 error, 1 left on base; Chicago (A) 2 - Pittsburgh 1
TOP OF THE 7TH
Chicago (A) White Sox batting - Pitching for Pittsburgh Pirates : RHP Sal Gates
Now in LF: Devin Henderson
Batting: SHB Juan Medina 0-0: Called Strike
0-1: Ground out 4-3 (Groundball, 4, EV 103.1 MPH)
Batting: LHB Álex Martínez 0-0: Foul Ball, location: 5SF
0-1: Ground out 6-3 (Groundball, 6M, EV 102.5 MPH)
Batting: RHB Greg Wright 0-0: Foul Ball, location: 25F
0-1: Fly out, F9 (Flyball, 9LS, EV 91.9 MPH)
Top of the 7th over - 0 runs, 0 hits, 0 errors, 0 left on base; Chicago (A) 2 - Pittsburgh 1
BOTTOM OF THE 7TH
Pittsburgh Pirates batting - Pitching for Chicago (A) White Sox : LHP Ed Baxter
Batting: LHB Jorge Apodaca 0-0: Ball
1-0: Ball
2-0: Foul Ball, location: 2F
2-1: Called Strike
2-2: Ball
3-2: Ground out 6-3 (Groundball, 6M, EV 90.6 MPH)
Batting: LHB Jeff Dickson 0-0: Foul Ball, location: 7LSF
0-1: Swinging Strike
0-2: Ball
1-2: Fly out, F9 (Flyball, 9, EV 93.1 MPH)
Batting: LHB José Velasco 0-0: Swinging Strike
0-1: Foul Ball, location: 2F
0-2: Foul Ball, location: 5F
0-2: Ball
1-2: Ball
2-2: Fly out, F9 (Flyball, 89S, EV 90.0 MPH)
Bottom of the 7th over - 0 runs, 0 hits, 0 errors, 0 left on base; Chicago (A) 2 - Pittsburgh 1
TOP OF THE 8TH
Chicago (A) White Sox batting - Pitching for Pittsburgh Pirates : RHP Sal Gates
Pitching: LHP Damian Wiley
Pinch Hitting: RHB Bob Parks 0-0: Fly out, F9 (Flyball, 9, EV 75.6 MPH)
Batting: RHB Lonnie Anderson 0-0: Ball
1-0: DOUBLE (Line Drive, 89XD, EV 104.4 MPH)
Batting: LHB Stan Waters 0-0: Swinging Strike
0-1: Swinging Strike
0-2: Strikes out swinging
Batting: RHB Jesús Rodríguez 0-0: Swinging Strike
0-1: Fly out, F9 (Flyball, 89S, EV 75.0 MPH)
Top of the 8th over - 0 runs, 1 hit, 0 errors, 1 left on base; Chicago (A) 2 - Pittsburgh 1
BOTTOM OF THE 8TH
Pittsburgh Pirates batting - Pitching for Chicago (A) White Sox : LHP Ed Baxter
Now at 2B: Álex Martínez
Now at SS: José García
Now in LF: Tony Hoover
Now in CF: Bob Parks
Batting: RHB Luis Vargas 0-0: Called Strike
0-1: Called Strike
0-2: Foul Ball, location: 2F
0-2: Foul Ball, location: 7LMF
0-2: SINGLE (Groundball, 4M, EV 82.5 MPH) (infield hit)
Pitching: LHP Whit Nixon
Batting: RHB Al Sexton 0-0: Bunt missed!
0-1: Sac Bunt to P - play at first, batter OUT! 1-3
Luis Vargas to second
Batting: LHB Raúl Gallegos 0-0: Ball
1-0: Ball
2-0: Ball
3-0: Called Strike
3-1: Called Strike
3-2: Foul Ball, location: 3SF
3-2: Base on Balls
Batting: LHB Juan Padilla 0-0: Foul Ball, location: 2F
0-1: Ball
1-1: Ball
2-1: Fly out, F7 (Flyball, 7LS, EV 90.0 MPH)
Batting: LHB Devin Henderson 0-0: Called Strike
0-1: Ground out 4-3 (Groundball, 4, EV 85.0 MPH)
Bottom of the 8th over - 0 runs, 1 hit, 0 errors, 2 left on base; Chicago (A) 2 - Pittsburgh 1
TOP OF THE 9TH
Chicago (A) White Sox batting - Pitching for Pittsburgh Pirates : LHP Damian Wiley
Batting: RHB Dave Bannatyne 0-0: Called Strike
0-1: Called Strike
0-2: Strikes out swinging
Batting: RHB Jon Heath 0-0: Ball
1-0: Ball
2-0: Swinging Strike
2-1: Ball
3-1: Foul Ball, location: 5F
3-2: Strikes out swinging
Batting: RHB Tony Hoover 0-0: Foul Ball, location: 2F
0-1: Ball
1-1: Swinging Strike
1-2: SOLO HOME RUN (Flyball, 89XD, EV 103.8 MPH), Distance : 405 ft
Batting: LHB Álex Martínez 0-0: Called Strike
0-1: Ground out 4-3 (Groundball, 4, EV 93.1 MPH)
Top of the 9th over - 1 run, 1 hit, 0 errors, 0 left on base; Chicago (A) 3 - Pittsburgh 1
BOTTOM OF THE 9TH
Pittsburgh Pirates batting - Pitching for Chicago (A) White Sox : LHP Whit Nixon
Pitching: LHP Ernesto Martínez
Batting: RHB José Fajardo 0-0: Ball
1-0: Called Strike
1-1: Ground out 6-3 (Groundball, 6M, EV 85.6 MPH)
Batting: LHB Jorge Apodaca 0-0: Ball
1-0: Foul Ball, location: 2F
1-1: Called Strike
1-2: Fly out, F9 (Line Drive, 9, EV 91.3 MPH)
Batting: LHB Jeff Dickson 0-0: Ball
1-0: Ball
2-0: Ball
3-0: Base on Balls
Batting: LHB José Velasco 0-0: Called Strike
0-1: Ball
1-1: Foul Ball, location: 3FF
1-2: Ball
2-2: Foul Ball, location: 7LMF
2-2: Strikes out swinging
Bottom of the 9th over - 0 runs, 0 hits, 0 errors, 1 left on base; Chicago (A) 3 - Pittsburgh 1
Sunday, March 24th , 2024 - OOTP Baseball 24.10 Build 82